 Dungeon Crawl Stone Soup version 0.23-a0-329-g6f3f904 (webtiles) character file.

3152 galech the Chopper (level 9, -1/69 HPs)
             Began as a Demonspawn Fighter on Oct 16, 2018.
             Was a Priest of Okawaru.
             Slain by a wraith (5 damage)
             ... on level 7 of the Dungeon.
             The game lasted 00:11:40 (7306 turns).

galech the Chopper (Demonspawn Fighter)             Turns: 7306, Time: 00:11:40

Health: -1/69      AC:  4    Str: 17    XL:     9   Next: 62%
Magic:  18/18      EV: 13    Int:  9    God:    Okawaru [***...]
Gold:   455        SH: 18    Dex: 16    Spells: 8/8 levels left

rFire    . . .     SeeInvis .   z - +2 hand axe (freeze)
rCold    . . .     Gourm    .   c - +0 shield
rNeg     + . .     Faith    .   y - +0 robe of Greater Demons {-Tele MR+ Regen+ MP+9} (curse)
rPois    .         Spirit   .   G - +1 hat
rElec    .         Reflect  .   (no cloak)
rCorr    .         Harm     .   p - +0 pair of gloves
MR       +....     NoTele   +   (no boots)
Stlth    ++++++....             (no amulet)
HPRegen  0.61/turn              w - ring of flight
MPRegen  0.16/turn              x - ring of positive energy

@: slowed, very slow
A: large bone plates 3, nightstalker 3
a: Heroism, Renounce Religion, Evoke Flight


You were on level 7 of the Dungeon.
You worshipped Okawaru.
Okawaru was most pleased with you.
You were not hungry.

You visited 2 branches of the dungeon, and saw 8 of its levels.

You collected 455 gold pieces.

Inventory:

Hand Weapons
 a - a +1 war axe
 z - a +2 hand axe of freezing (weapon)
Armour
 c - a +0 shield (worn)
 p - a +0 pair of gloves (worn)
 r - a +0 ring mail
 y - the cursed +0 robe of Greater Demons (worn) {-Tele MR+ Regen+ MP+9}
   (You found it on level 4 of the Dungeon)

   It affects your resistance to hostile enchantments.
   It affects your magic capacity (+9).
   It prevents most forms of teleportation.
   It increases your rate of regeneration.
   It has a curse placed upon it.
 G - a +1 hat (worn)
 H - a +1 leather armour of cold resistance
Jewellery
 l - an uncursed ring of ice
 s - an uncursed ring of ice
 w - a ring of flight (left hand)
 x - a ring of positive energy (right hand)
Wands
 C - a wand of digging (19)
 I - a wand of random effects (35)
Scrolls
 e - 2 scrolls of enchant armour {unknown}
 g - a scroll of fog
 h - a scroll of remove curse
 i - 2 scrolls of magic mapping
 j - a scroll of noise {unknown}
 n - 2 scrolls of enchant weapon
 o - 2 scrolls of teleportation
 t - a scroll of blinking
 E - 6 scrolls of identify
 F - a scroll of random uselessness
Potions
 b - 2 potions of agility {unknown}
 d - a potion of might
 k - 3 potions of haste {unknown}
 m - 8 potions of flight {unknown}
 q - 4 potions of curing {unknown}
 u - a potion of lignification {unknown}
 v - 3 potions of brilliance {unknown}
 A - a potion of magic {unknown}
 B - a potion of heal wounds {unknown}
 D - a potion of resistance {unknown}
Comestibles
 f - 14 rations


   Skills:
 + Level 5.7 Fighting
 + Level 7.4 Axes
 + Level 3.7 Armour
 + Level 4.4 Dodging
 + Level 3.6 Stealth
 + Level 6.8 Shields
 + Level 0.2 Invocations


You had 8 spell levels left.
You didn't know any spells.
Your spell library contained the following spells:

 Spells                   Type           Power        Failure   Level  Hunger
 Conjure Flame            Conj/Fire      #.......     98%         3    ####...
 Mephitic Cloud           Conj/Pois/Air  #.......     98%         3    ####...
 Sticky Flame             Conj/Fire      #.......     100%        4    #####..
 Irradiate                Conj/Tmut      #.........   100%        5    ######.
 Venom Bolt               Conj/Pois      #.........   100%        5    ######.


Dungeon Overview and Level Annotations

Branches:
Dungeon (7/15)             Temple (1/1) D:4

Altars:
Ashenzari
Cheibriados
Dithmenos
Elyvilon
Fedhas
Hepliaklqana
Makhleb
Nemelex Xobeh
Okawaru
Qazlal
Ru
Sif Muna
Trog
Uskayaw
Vehumet
Wu Jian
Xom
Yredelemnul
Zin
The Shining One

Shops:
D:4 [


Innate Abilities, Weirdness & Mutations

You are completely covered in large bone plates. (SH +8)
You are completely attuned to the shadows.


Message History

You block the wraith's attack.
Unknown command.
You barely miss the wraith.
The wraith is moderately damaged.
You barely miss the wraith. The wraith hits you!
* * * LOW HITPOINT WARNING * * *
The wraith drains your vigour!
You feel as though you will be slow longer.
You block the wraith's attack. x3
You closely miss the wraith.
The wraith is moderately damaged.
You hit the wraith but do no damage. The wraith hits you!
* * * LOW HITPOINT WARNING * * *
The wraith drains your vigour!
You feel as though you will be slow longer.
You block the wraith's attack. x2
You block the wraith's attack. The wraith hits you but does no damage.
You block the wraith's attack. The wraith hits you.
You die...

.....####.##.#....#.#
...........#...)....
###.####.##..#...#
##.## ####..##)###
#####...## .......).#
#.)......#
#.#..##.#.###
#.###....#
#.#..##....... .#.#
##.#.#
..........####### .#.#
#.#.##..#.@...........#
.#.##
#.......#WW.....#####.#
....###...##.##.<..#.##
#.#
......>...#...#....#.#
#W#
......##....#......#.#
##W##
..รท.......#...#.#..#.#
###..W##.
......##.###.##.#... .
......... ....######
#.##)##.#.# ##.......
....# #.##.##[#.##
#.#.###.


You could see 2 wraiths.

Vanquished Creatures
  3 wraiths
  3 ice beasts
  2 phantoms
  2 orc warriors
  A black bear (D:6)
  2 centaurs
  An ogre (D:3)
  A bullfrog (D:7)
  A gnoll sergeant (D:5)
  6 scorpions
  4 howler monkeys
  4 hounds
  3 orc priests
  2 jellies
  3 bullfrog zombies
  5 orc wizards
  A centaur skeleton (D:4)
  Ijyb (D:5)
  2 iguanas
  10 worker ants
  A hound skeleton (D:5)
  A worker ant zombie (D:5)
  Robin (D:4)
  8 gnolls
  7 adders
  A shadow imp (D:6)
  An adder zombie (D:5)
  2 adder skeletons
  2 worms
  5 dart slugs
  6 leopard geckos
  23 orcs
  3 bats
  7 giant cockroaches
  14 goblins
  9 hobgoblins
  10 jackals
  3 quokkas
  2 frilled lizards
  2 kobolds
  10 rats
175 creatures vanquished.

Notes
Turn   | Place    | Note
-------+----------+-------------------------------------------
     0 | D:1      | galech the Demonspawn Fighter began the quest for the Orb.
     0 | D:1      | Reached XP level 1. HP: 18/18 MP: 1/1
   136 | D:1      | Gained mutation: You are partially covered in large bone
                  | plates. (SH +4) [demonic ancestry]
   136 | D:1      | Reached XP level 2. HP: 22/24 MP: 2/2
   304 | D:1      | Reached skill level 2 in Axes
   602 | D:2      | Gained mutation: You are slightly more attuned to the
                  | shadows. [demonic ancestry]
   602 | D:2      | Reached XP level 3. HP: 27/29 MP: 3/3
   850 | D:3      | Found a glowing silver altar of Zin.
  1559 | D:3      | Gained mutation: You are mostly covered in large bone
                  | plates. (SH +6) [demonic ancestry]
  1559 | D:3      | Reached XP level 4. HP: 12/35 MP: 4/4
  1886 | D:3      | Noticed an ogre
  1892 | D:3      | Killed an ogre
  1892 | D:3      | Reached skill level 3 in Axes
  1892 | D:3      | Gained mutation: You are completely covered in large bone
                  | plates. (SH +8) [demonic ancestry]
  1892 | D:3      | Reached XP level 5. HP: 21/42 MP: 5/5
  1906 | D:3      | Reached skill level 1 in Stealth
  2481 | D:4      | Found a shattered altar of Ashenzari.
  2489 | D:4      | Noticed a phantom
  2523 | D:4      | Killed a phantom
  2523 | D:4      | Reached XP level 6. HP: 29/48 MP: 6/6
  2729 | D:4      | Found a white marble altar of Elyvilon.
  2796 | D:4      | Reached skill level 4 in Axes
  3076 | D:4      | Found Aplu's Armour Shoppe.
  3109 | D:4      | Identified the Tome of Conjuration
  3111 | D:4      | Found an ornate altar of the Wu Jian Council.
  3232 | D:4      | Found a staircase to the Ecumenical Temple.
  3268 | Temple   | Entered the Ecumenical Temple
  3504 | Temple   | Became a worshipper of Warmaster Okawaru
  3951 | D:4      | Got a warped robe
  4107 | D:4      | Found a sacrificial altar of Ru.
  4238 | D:4      | Noticed Robin
  4241 | D:4      | Reached skill level 1 in Dodging
  4243 | D:4      | Gained mutation: You are significantly more attuned to the
                  | shadows. [demonic ancestry]
  4243 | D:4      | Reached XP level 7. HP: 54/54 MP: 7/7
  4248 | D:4      | Killed Robin
  4279 | D:4      | Identified the cursed +0 robe of Greater Demons {-Tele MR+
                  | Regen+ MP+9} (You found it on level 4 of the Dungeon)
  4377 | D:5      | Entered Level 5 of the Dungeon
  4596 | D:5      | Found a burning altar of Makhleb.
  4668 | D:5      | Found a hazy altar of Hepliaklqana.
  4698 | D:5      | Noticed Ijyb
  4722 | D:5      | Killed Ijyb
  4830 | D:5      | Reached skill level 5 in Axes
  4912 | D:5      | Reached * piety under Okawaru
  4959 | D:5      | Found a bloodstained altar of Trog.
  4970 | D:5      | Reached XP level 8. HP: 27/61 MP: 8/8
  5153 | D:5      | Found a sparkling altar of Nemelex Xobeh.
  5383 | D:6      | Reached skill level 5 in Shields
  5434 | D:6      | Reached skill level 6 in Axes
  5503 | D:6      | Reached skill level 5 in Fighting
  5652 | D:6      | Reached ** piety under Okawaru
  5846 | D:6      | Gained mutation: You are completely attuned to the shadows.
                  | [demonic ancestry]
  5846 | D:6      | Reached XP level 9. HP: 46/68 MP: 9/9
  6688 | D:7      | Reached skill level 7 in Axes
  6852 | D:7      | Reached *** piety under Okawaru
  7304 | D:7      | HP: 2/69 [wraith (11)]
  7306 | D:7      | Slain by a wraith

Vault maps used:
D:1:      psy_arrival_terrarium
D:3:      zin_statuary, first_ration
D:4:      kennysheep_goblin_castle, lemuel_coloured_pillars_altar,
          nicolae_ru_path_of_blood, nicolae_overflow_crystal_walls,
          evilmike_ruin_ashenzari, temple_fountains, serial_shops, shop
D:5:      marbit_many_paths, old_standard_altar, lightli_temple_of_fire,
          kennysheep_mini_moat, uniq_ijyb
D:6:      minmay_splitting_lines, minmay_bent
D:7:      the_bakery, minmay_guarded_unrand_finisher
Temple:   minmay_temple_forest_path

Skill      XL: |  1  2  3  4  5  6  7  8  9 |
---------------+----------------------------+-----
Armour         | 3 |  3.7
Axes           | 2 3 4 5 6 7 |  7.4
Shields        | 3 4 5 6 |  6.8
Stealth        | 1 2 3 |  3.6
Fighting       | 4 5 |  5.7
Dodging        | 1 2 3 4 |  4.4
Invocations    | |  0.2

Action                   |  1- 3 |  4- 6 |  7- 9 || total
-------------------------+-------+-------+-------++-------
Melee: War axe           |   118 |   118 |       ||   236
       Hand axe          |       |    14 |   559 ||   573
Invok: Heroism           |       |       |     4 ||     4
  Use: Scroll            |       |     7 |     2 ||     9
 Stab: Sleeping          |     3 |     2 |    14 ||    19
       Distracted        |       |       |     5 ||     5
  Eat: Chunk             |     2 |     9 |    11 ||    22
Armor: Scale mail        |    13 |       |       ||    13
       Leather armour    |    16 |     1 |       ||    17
       Ring mail         |       |    30 |     2 ||    32
       Robe              |       |       |    54 ||    54
Dodge: Dodged            |    17 |    28 |   112 ||   157
Block: Shield            |    71 |   115 |   462 ||   648

Table legend:
 A = Non-vault XP
 B = Vault XP
 C = Vault XP percentage of total XP
 D = Non-vault monster count
 E = Vault monster count
 F = Vault count percentage of total count
                 A         B        C        D         E       F
            +---------+---------+-------+---------+---------+-------
      Total |    3572 |     931 |  20.7 |     144 |      31 |  17.7
            +---------+---------+-------+---------+---------+-------
        D:1 |      25 |       0 |   0.0 |      16 |       0 |   0.0
        D:2 |      57 |       0 |   0.0 |      17 |       0 |   0.0
        D:3 |     145 |       0 |   0.0 |      10 |       0 |   0.0
        D:4 |     483 |      52 |   9.7 |      19 |      20 |  51.3
        D:5 |     864 |      56 |   6.1 |      31 |       2 |   6.1
        D:6 |    1083 |     416 |  27.8 |      25 |       7 |  21.9
        D:7 |     915 |     407 |  30.8 |      26 |       2 |   7.1
            +---------+---------+-------+---------+---------+-------
